 Dungeon Crawl Stone Soup version 0.23.1 (webtiles) character file.

Game seed: 7610992713148811709

2258 ohad the Changer (level 9, -1/73 HPs)
             Began as an Octopode Transmuter on Mar 3, 2019.
             Slain by a goblin
             ... wielding a +0 spear
              (3 damage)
             ... on level 7 of the Dungeon.
             The game lasted 00:19:40 (7789 turns).

ohad the Changer (Octopode Transmuter)              Turns: 7789, Time: 00:19:40

Health: -1/73      AC:  6    Str:  9    XL:     9   Next: 38%
Magic:  6/17       EV: 12    Int: 18    God:
Gold:   234        SH:  0    Dex: 13    Spells: 3/18 levels left

rFire    x . .     SeeInvis .     - Unarmed
rCold    + + +     Gourm    .   (shield currently unavailable)
rNeg     . . .     Faith    .   (helmet currently unavailable)
rPois    +         Spirit   .   (no amulet)
rElec    .         Reflect  .   (no ring)
rCorr    .         Harm     .   (no ring)
MR       .....                  (no ring)
Stlth    ++........             (no ring)
HPRegen  0.22/turn              (no ring)
MPRegen  0.15/turn              (no ring)
                                (no ring)
                                (no ring)

@: ice-form, very slightly contaminated
A: large, almost no armour, stealthy swim, amphibious, 8 rings, (constrict 8)
a: End Transformation


You were on level 7 of the Dungeon.
You were hungry.
You were a creature of crystalline ice.
You visited 1 branch of the dungeon, and saw 7 of its levels.

You collected 234 gold pieces.

Inventory:

Hand Weapons
 q - a +0 blowgun
 w - a +4 short sword
 x - a +0 dagger of venom
Missiles
 a - 80 arrows
 e - 60 poisoned needles
Armour
 s - a +0 buckler
Wands
 y - a wand of flame (21)
Scrolls
 b - a scroll of remove curse
 d - a scroll of acquirement {unknown}
 g - 2 scrolls of teleportation {unknown}
 h - 2 scrolls of enchant armour {unknown}
 j - 3 scrolls of random uselessness
 l - 3 scrolls of amnesia {unknown}
 m - a scroll of fear {unknown}
 n - 2 scrolls of blinking {unknown}
 o - a scroll of magic mapping {unknown}
 p - 4 scrolls of fog {unknown}
 t - 2 scrolls of immolation {unknown}
 A - a scroll of enchant weapon {unknown}
Potions
 f - a potion of haste
 k - 5 potions of curing
 r - a potion of ambrosia
 v - 2 potions of flight
 B - a potion of brilliance {unknown}
Comestibles
 c - 15 rations
 z - 8 chunks of flesh


   Skills:
 - Level 5.2 Fighting
 - Level 5.1 Dodging
 - Level 2.0 Stealth
 + Level 5.4 Unarmed Combat
 - Level 5.4 Spellcasting
 - Level 5.8 Transmutations
 - Level 3.0 Ice Magic


You had 3 spell levels left.
You knew the following spells:

 Your Spells              Type           Power        Failure   Level  Hunger
a - Beastly Appendage     Tmut           ####..       1%          1    None
b - Sticks to Snakes      Tmut           ####....     1%          2    #......
c - Spider Form           Tmut/Pois      ###.......   12%         3    ##.....
d - Ice Form              Ice/Tmut       ###.....     21%         4    ####...
e - Blade Hands           Tmut           ####......   32%         5    ######.

Your spell library contained the following spells:

 Spells                   Type           Power        Failure   Level  Hunger
 Summon Small Mammal      Summ           #...         13%         1    None
 Call Imp                 Summ           #.......     19%         2    #......
 Call Canine Familiar     Summ           #.......     36%         3    ##.....
 Summon Guardian Golem    Hex/Summ       #.......     36%         3    ##.....
 Summon Ice Beast         Ice/Summ       ##......     56%         4    ####...
 Summon Lightning Spire   Summ/Air       #.......     77%         4    ####...


Dungeon Overview and Level Annotations

Branches:
Dungeon (7/15)
 Temple: D:4-7

Altars:
Cheibriados
Makhleb
Okawaru
Sif Muna
Trog
Xom
Zin
The Shining One


Innate Abilities, Weirdness & Mutations

You cannot wear most types of armour.
You are very stealthy in the water. (Stealth+)
You are amphibious.
You can wear up to eight rings at the same time.
((You can use your tentacles to constrict eight enemies at once.))
((Your skin changes colour to match your surroundings (Stealth+).))
((Your rubbery body absorbs attacks. (AC +1, EV +1)))


Message History

The goblin hits you but does no damage. The orc closely misses you.
You feel much better.
The orc warrior hits you with a +0 war axe!
The orc priest mumbles some strange prayers to Beogh against you.
Beogh smites you!
* * * LOW HITPOINT WARNING * * *
The goblin misses you.
Okay, then.
You feel much better.
The goblin hits you from afar with a +0 spear.
The orc barely misses you.
The orc warrior hits you with a +0 war axe!!
* * * LOW HITPOINT WARNING * * *
The goblin hits you from afar with a +0 spear.
* * * LOW HITPOINT WARNING * * *
The orc misses you.
As you read the scroll of identify, it crumbles to dust.
j - 3 scrolls of random uselessness The goblin hits you from afar with a +0 spear.
You die...

..#........#
..####.###.#
..####.###.#
...........#
..####.##### # .># #.#
... ..# #.###########
#..≈≈
..####..........o#g...≈#
................Yogoh.≈#
..##############o#g...≈.
### #...J..≈# #####..≈#
.≈≈ .. .


You could see an orc warrior, a black bear, a jelly, an orc priest, 2 orcs and 3
goblins.

Vanquished Creatures
  2 orc warriors
  2 black bears
  A sky beast (D:7)
  4 ogres
  2 phantoms (D:5)
  A centaur (D:6)
  2 bullfrogs
  A scorpion (D:7)
  2 crimson imps
  4 hounds
  A centaur skeleton (D:4)
  A jelly (D:6)
  5 orc wizards
  An orc priest (D:6)
  2 iguanas
  Terence (D:3)
  Natasha (thrice) (D:4)
  3 worker ants
  A hound skeleton (D:4)
  Robin (D:4)
  3 gnolls (D:5)
  3 adders
  A howler monkey skeleton (D:4)
  A shadow imp (D:5)
  An adder skeleton (D:4)
  3 worms
  3 dart slugs
  3 leopard geckos
  22 orcs
  A ball python (D:4)
  7 bats
  5 giant cockroaches
  12 goblins
  16 hobgoblins
  10 jackals
  2 quokkas
  4 frilled lizards
  4 kobolds
  A leopard gecko skeleton (D:4)
  A quokka skeleton (D:4)
  10 rats
153 creatures vanquished.

Vanquished Creatures (collateral kills)
  An ogre (D:6)
  A bullfrog (D:4)
  An orc wizard (D:7)
  An iguana (D:4)
  2 orcs
6 creatures vanquished.

Grand Total: 159 creatures vanquished

Notes
Turn   | Place    | Note
-------+----------+-------------------------------------------
     0 | D:1      | ohad the Octopode Transmuter began the quest for the Orb.
     0 | D:1      | Reached XP level 1. HP: 13/13 MP: 3/3
    52 | D:1      | Reached skill level 1 in Stealth
    93 | D:1      | Reached XP level 2. HP: 6/18 MP: 3/5
   594 | D:1      | Reached XP level 3. HP: 19/23 MP: 6/6
   757 | D:1      | Learned a level 2 spell: Sticks to Snakes
   761 | D:1      | Learned a level 3 spell: Spider Form
  2212 | D:3      | Reached XP level 4. HP: 25/28 MP: 7/7
  2254 | D:3      | Noticed Terence
  2267 | D:3      | Killed Terence
  2672 | D:3      | Found a faded altar of an unknown god.
  3073 | D:4      | Noticed an ogre
  3078 | D:4      | Reached XP level 5. HP: 21/33 MP: 6/8
  3190 | D:4      | Noticed Natasha
  3377 | D:4      | Killed Natasha
  3378 | D:4      | Found an iron altar of Okawaru.
  3379 | D:4      | Found a glowing golden altar of the Shining One.
  3383 | D:4      | Found a glowing silver altar of Zin.
  3528 | D:4      | Noticed Robin
  3562 | D:4      | Killed Robin
  3562 | D:4      | Reached skill level 5 in Unarmed Combat
  3737 | D:4      | Reached XP level 6. HP: 36/38 MP: 9/9
  3840 | D:4      | Learned a level 4 spell: Ice Form
  3864 | D:4      | Noticed Natasha
  3878 | D:4      | Killed Natasha
  3878 | D:4      | Reached skill level 1 in Ice Magic
  3884 | D:4      | Noticed Natasha
  3889 | D:4      | Killed Natasha
  4001 | D:4      | Reached XP level 7. HP: 43/43 MP: 2/12
  4401 | D:4      | Found a snail-covered altar of Cheibriados.
  4415 | D:4      | Found a bloodstained altar of Trog.
  4415 | D:4      | Found a shimmering altar of Xom.
  4420 | D:4      | Found a deep blue altar of Sif Muna.
  4733 | D:5      | Entered Level 5 of the Dungeon
  4734 | D:5      | Found a burning altar of Makhleb.
  5652 | D:5      | Reached skill level 5 in Transmutations
  5652 | D:5      | Reached XP level 8. HP: 47/48 MP: 6/15
  5759 | D:5      | Reached skill level 5 in Spellcasting
  5994 | D:5      | Learned a level 5 spell: Blade Hands
  6681 | D:6      | Reached skill level 5 in Fighting
  6720 | D:6      | Reached XP level 9. HP: 49/61 MP: 12/17
  6831 | D:6      | Found an iron altar of Okawaru.
  7616 | D:7      | Reached skill level 5 in Dodging
  7788 | D:7      | HP: 2/73 [goblin/+0 spear (3)]
  7789 | D:7      | Slain by a goblin

Skill      XL: |  1  2  3  4  5  6  7  8  9 |
---------------+----------------------------+-----
Stealth        | 1 2 |  2.0
Unarmed Combat | 4 5 |  5.4
Transmutations | 3 4 5 |  5.8
Spellcasting   | 3 4 5 |  5.4
Ice Magic      | 2 3 |  3.0
Fighting       | 5 |  5.2
Dodging        | 5 |  5.1

Action                   |  1- 3 |  4- 6 |  7- 9 || total
-------------------------+-------+-------+-------++-------
Melee: Unarmed           |   103 |   105 |   254 ||   462
       Constrict         |    22 |    13 |    13 ||    48
       Kick              |    13 |     9 |     1 ||    23
       Tentacles         |     5 |     5 |    12 ||    22
       Punch             |       |     1 |     3 ||     4
 Cast: Beastly Appendage |    10 |     6 |     2 ||    18
       Spider Form       |     3 |    10 |     8 ||    21
       Sticks to Snakes  |       |     3 |    13 ||    16
       Ice Form          |       |       |    18 ||    18
  Use: Scroll            |       |       |     8 ||     8
       Potion            |       |       |     2 ||     2
 Stab: Sleeping          |    11 |     4 |     7 ||    22
       Distracted        |       |       |     1 ||     1
  Eat: Chunk             |     4 |     8 |    16 ||    28
Armor: Skin              |    18 |     5 |    41 ||    64
Dodge: Dodged            |    68 |    78 |   147 ||   293
